 Dungeon Crawl Stone Soup version 0.28.0 (webtiles) character file.

Game seed: 2159149052610240569

1820 Sanktem7 the Basher (level 8, 0/109 HPs)
             Began as a Minotaur Fighter on Feb 10, 2022.
             Was an Initiate of Ru.
             Slain by a yak (8 damage)
             ... on level 5 of the Dungeon on Feb 11, 2022.
             The game lasted 00:10:34 (3910 turns).

Sanktem7 the Basher (Minotaur Fighter)              Turns: 3910, Time: 00:10:35

Health: 0/109      AC: 16    Str: 23    XL:     8   Next: 85%
Magic:  7/7        EV:  9    Int:  5    God:    Ru [......]
Gold:   151        SH:  4    Dex: 10    Spells: 7/7 levels left

rFire   . . .      SeeInvis .   o - +1 flail (protect)
rCold   . . .      Faith    .   c - +0 buckler
rNeg    . . .      Spirit   .   b - +0 scale mail
rPois   .          Reflect  .   (helmet restricted)
rElec   .          Harm     .   (no cloak)
rCorr   .          Rampage  .   n - +0 pair of gloves
Will    .....      Rage     3%  (no boots)
Stlth   ..........              (no amulet)
HPRegen 0.28/turn               (no ring)
MPRegen 0.10/turn               (no ring)

@: berserking, under a protective aura, studying Axes, very quick
A: horns 2, retaliatory headbutt, berserk 2, wild magic 1, evolution 1, noise
suppression
a: Renounce Religion


You were on level 5 of the Dungeon.
You worshipped Ru.
Ru was noncommittal.
You visited 2 branches of the dungeon, and saw 6 of its levels.

You collected 151 gold pieces.

Inventory:

Hand Weapons
 a - a +0 long sword
 o - a +1 flail of protection (weapon)
Armour
 b - a +0 scale mail (worn)
 c - a +0 buckler (worn)
 n - a +0 pair of gloves (worn)
Wands
 r - a wand of mindburst (6)
Scrolls
 i - a scroll of teleportation
 j - a scroll of amnesia
 l - a scroll of blinking
Potions
 d - a potion of might
 e - a potion of mutation
 f - 4 potions of magic
 g - 4 potions of lignification {unknown}
 h - a potion of flight {unknown}
 k - 2 potions of curing {unknown}
 m - a potion of heal wounds {unknown}


   Skills:
 * Level 7.3 Fighting
 - Level 3.8 Long Blades
 * Level 9.4 Maces & Flails
 * Level 7.8 Armour
 - Level 3.6 Shields


You had 7 spell levels left.
You didn't know any spells.
Your spell library contained the following spells:

 Spells                   Type           Power      Damage    Failure   Level
 Gell's Gravitas          Tloc           0%         N/A       99%         3
 Teleport Other           Tloc           0%         N/A       99%         3
 Dispersal                Tloc           0%         N/A       100%        6


Dungeon Overview and Level Annotations

Branches:
Dungeon (5/15)             Temple (1/1) D:4

Altars:
Ashenzari
Cheibriados
Dithmenos
Elyvilon
Fedhas
Gozag
Hepliaklqana
Kikubaaqudgha
Makhleb
Nemelex Xobeh
Okawaru
Qazlal
Ru
Trog
Uskayaw
Vehumet
Wu Jian
Xom
Yredelemnul
Zin
The Shining One


Innate Abilities, Weirdness & Mutations

You have a pair of horns on your head.
You reflexively headbutt those who attack you in melee.
You often lose your temper in combat.
Your spells are a little harder to cast, but a little more powerful.
You have hidden genetic potential.
You passively dampen the noise of your surroundings.


Message History

You block the yak's attack. The yak gores you but does no damage.
You thump the yak!
The yak is severely wounded.
You block the yak's attack. The yak gores you but does no damage.
You hit the yak.
The yak is severely wounded.
You block the yak's attack. The yak gores you but does no damage.
You hit the yak. Your headbutt misses the yak.
The yak is almost dead.
The yak misses you. The yak gores you but does no damage.
You sock the yak!
You kill the yak!
The yak gores you!
You see here a yak corpse.
You hit the yak but do no damage. The yak gores you!
* * * LOW HITPOINT WARNING * * *
You barely miss the yak. You headbutt the yak.
The yak is lightly wounded.
You thump the yak! Your headbutt misses the yak.
The yak is heavily wounded.
The yak gores you but does no damage. The yak closely misses you.
You furiously retaliate!
You headbutt the yak, but do no damage.
A red film seems to cover your vision as you go berserk!
You feel yourself moving faster!
You feel mighty!
You hit the yak. You headbutt the yak!
The yak is almost dead.
The yak gores you but does no damage. The yak gores you!
* * * LOW HITPOINT WARNING * * *
The yak gores you but does no damage.
You are too berserk!
You hit the yak but do no damage. The yak barely misses you.
The yak closely misses you. The yak barely misses you. You furiously retaliate!
You headbutt the yak! You bludgeon the yak!!
The yak is heavily wounded.
The yak completely misses you.
You barely miss the yak.
The yak is heavily wounded.
The yak gores you!
You die...

#.............##............#
...............##............#
#..............###.####......#
#......<.......###.####......#
#..#####(..........#..........
#.. #....##.##....#
#....##.##....#
#......Y##....#
#......@Y.....#
#......Y##....#
#.......##........
#.......##...###.#
#.......##...# #
#....#####...# ###### #...!
#...##


You could see 3 yaks.

Vanquished Creatures
  3 yaks (D:5)
  A wyvern (D:4)
  3 black bears
  4 ogres
  A necrophage (D:4)
  A scorpion (D:4)
  2 water moccasin skeletons (D:5)
  A howler monkey (D:4)
  5 orc priests
  A scorpion zombie (D:5)
  Ijyb (D:3)
  2 hound skeletons
  5 adders
  A shadow imp (D:5)
  A worm (D:4)
  A dart slug (D:5)
  11 orcs
  A bat (D:3)
  9 endoplasms
  4 giant cockroaches
  5 goblins
  9 hobgoblins
  7 jackals
  4 quokkas
  7 ball pythons
  A frilled lizard (D:3)
  2 kobolds
  6 rats
99 creatures vanquished.

Notes
Turn   | Place    | Note
-------+----------+-------------------------------------------
     0 | D:1      | Sanktem7 the Minotaur Fighter began the quest for the Orb.
     0 | D:1      | Reached XP level 1. HP: 19/19 MP: 0/0
     2 | D:1      | Noticed an octopode
     2 | D:1      | Noticed a vine stalker
     4 | D:1      | Noticed a felid
     6 | D:1      | Noticed a dwarf
     8 | D:1      | Noticed a gargoyle
    10 | D:1      | Noticed a demigod
    12 | D:1      | Noticed a troll
    12 | D:1      | Noticed a minotaur
    14 | D:1      | Noticed a human
    14 | D:1      | Noticed a merfolk
    16 | D:1      | Noticed a formicid
    16 | D:1      | Noticed a demonspawn
    18 | D:1      | Noticed a spriggan
    18 | D:1      | Noticed an elf
    20 | D:1      | Noticed a naga
    20 | D:1      | Noticed a tengu
    22 | D:1      | Noticed a vampire
    22 | D:1      | Noticed a ghoul
    24 | D:1      | Noticed an ogre
    26 | D:1      | Noticed a draconian
   109 | D:1      | Reached XP level 2. HP: 12/27 MP: 1/1
   563 | D:1      | You fall into a shaft and drop 1 floor!
   660 | D:2      | Reached XP level 3. HP: 24/33 MP: 2/2
  1363 | D:3      | Reached XP level 4. HP: 19/41 MP: 3/3
  1735 | D:3      | Noticed Ijyb
  1744 | D:3      | Killed Ijyb
  1745 | D:3      | Reached skill level 1 in Maces & Flails
  2097 | D:4      | Noticed an ogre
  2108 | D:4      | Reached skill level 5 in Armour
  2114 | D:4      | Killed an ogre
  2115 | D:4      | Reached skill level 5 in Fighting
  2115 | D:4      | Reached skill level 2 in Maces & Flails
  2115 | D:4      | Reached XP level 5. HP: 13/48 MP: 4/4
  2119 | D:4      | Reached skill level 3 in Maces & Flails
  2408 | D:4      | Noticed an ogre
  2420 | D:4      | Killed an ogre
  2421 | D:4      | Reached XP level 6. HP: 22/56 MP: 5/5
  2736 | D:4      | Reached skill level 4 in Maces & Flails
  2743 | D:4      | Reached skill level 5 in Maces & Flails
  2749 | D:4      | Reached XP level 7. HP: 41/61 MP: 6/6
  2835 | D:4      | Reached skill level 6 in Maces & Flails
  3070 | D:4      | Found a staircase to the Ecumenical Temple.
  3095 | D:4      | Noticed a wyvern
  3101 | D:4      | Killed a wyvern
  3102 | D:4      | Reached skill level 7 in Maces & Flails
  3102 | D:4      | Reached XP level 8. HP: 64/70 MP: 7/7
  3299 | D:4      | Gained mutation: You tend to lose your temper in combat.
                  | [potion of mutation]
  3299 | D:4      | Gained mutation: Your mind is acute. (Int +2) [potion of
                  | mutation]
  3299 | D:4      | Gained mutation: You are weak. (Str -2) [potion of
                  | mutation]
  3299 | D:4      | Gained mutation: You have hidden genetic potential. [potion
                  | of mutation]
  3300 | D:4      | Lost mutation: Your mind is acute. (Int +2) [potion of
                  | mutation]
  3300 | D:4      | Lost mutation: You are weak. (Str -2) [potion of mutation]
  3300 | D:4      | Gained mutation: Your spells are a little harder to cast,
                  | but a little more powerful. [potion of mutation]
  3300 | D:4      | Gained mutation: You often lose your temper in combat.
                  | [potion of mutation]
  3300 | D:4      | Gained mutation: You passively dampen the noise of your
                  | surroundings. [potion of mutation]
  3317 | Temple   | Entered the Ecumenical Temple
  3506 | Temple   | Became a worshipper of Ru the Awakened
  3555 | D:5      | Entered Level 5 of the Dungeon
  3641 | D:5      | Reached skill level 8 in Maces & Flails
  3897 | D:5      | Reached skill level 9 in Maces & Flails
  3910 | D:5      | Slain by a yak

Illustrated notes

Levels and vault maps discovered:
D:1:      kb_arrival_jail, layout_basic
D:2:      layout_loops_cross
D:3:      layout_basic, serial_park_tiny_pond, uniq_ijyb
D:4:      layout_rooms, temple_statues, minmay_manual_monstrance
D:5:      layout_basic, serial_glass, glass_columns_a, glass_columns_c,
          glass_columns_c, glass_columns_a, due_unseen_surprise
Temple:   kilobyte_greek_temple

Skill      XL: |  1  2  3  4  5  6  7  8 |
---------------+-------------------------+-----
Armour         | 4 5 6 7 |  7.8
Fighting       | 4 5 6 7 |  7.3
Long Blades    | 3 |  3.8
Maces & Flails | 2 3 5 7 9 |  9.4
Shields        | |  3.6

Action                   |  1- 3 |  4- 6 |  7- 9 || total
-------------------------+-------+-------+-------++-------
Melee: Long sword        |    65 |       |       ||    65
       Headbutt          |     3 |     9 |    22 ||    34
       Flail             |       |    91 |   131 ||   222
  Use: Scroll            |       |     8 |     1 ||     9
       Potion            |       |       |     2 ||     2
Armor: Scale mail        |    43 |    41 |    78 ||   162
Dodge: Dodged            |    43 |    53 |    58 ||   154
Block: Buckler           |     6 |    29 |    33 ||    68
